 Dungeon Crawl Stone Soup version 0.23-a0-473-gc8aadda (webtiles) character file.

161 JeffiDaFish the Grave Robber (level 5, 0/28 HPs)
             Began as a Deep Elf Necromancer on Nov 28, 2018.
             Slain by a worker ant (6 damage)
             ... on level 4 of the Dungeon.
             The game lasted 00:07:39 (3760 turns).

JeffiDaFish the Grave Robber (Deep Elf Necromancer) Turns: 3760, Time: 00:07:40

Health: 0/28       AC:  7    Str:  5    XL:     5   Next: 19%
Magic:  10/13      EV: 14    Int: 21    God:
Gold:   194        SH:  0    Dex: 15    Spells: 5/12 levels left

rFire    . . .     SeeInvis .   k - +1 dagger (protect)
rCold    . . .     Gourm    .   (no shield)
rNeg     . . .     Faith    .   a - +0 robe
rPois    .         Spirit   .   (no helmet)
rElec    .         Reflect  .   e - +0 cloak
rCorr    .         Harm     .   (no gloves)
MR       .....                  (no boots)
Stlth    +++.......             h - amulet of magic regeneration
HPRegen  0.00/turn              (no ring)
MPRegen  0.38/turn              (no ring)

@: regenerating
A: slimy green scales 1, yellow scales 1, blink, inhibited regeneration
a: Blink


You were on level 4 of the Dungeon.
You were near starving.

You visited 1 branch of the dungeon, and saw 4 of its levels.

You collected 194 gold pieces.

Inventory:

Hand Weapons
 k - a +1 dagger of protection (weapon)
Armour
 a - a +0 robe (worn)
 e - a +0 cloak (worn)
 i - a +0 cloak
 m - the +1 robe "Haohasap" {Dex+4, unknown}
   (You found it on level 4 of the Dungeon)

   It affects your dexterity (+4).
Jewellery
 h - an amulet of magic regeneration (around neck)
Scrolls
 b - 3 scrolls of teleportation
 d - a scroll of amnesia
 f - 7 scrolls of identify
 j - a scroll of remove curse
Potions
 g - a potion of curing
 l - a potion of mutation
Comestibles
 c - 6 rations


   Skills:
 + Level 3.6 Dodging
 + Level 3.8 Stealth
 + Level 4.2 Spellcasting
 * Level 6.2 Necromancy


You had 5 spell levels left.
You knew the following spells:

 Your Spells              Type           Power        Failure   Level  Hunger
a - Pain                  Necr           ####         1%          1    None
b - Regeneration          Chrm/Necr      ###.......   10%         3    ###....
c - Vampiric Draining     Necr           ####......   2%          3    ###....

Your spell library contained the following spells:

 Spells                   Type           Power        Failure   Level  Hunger
 Animate Skeleton         Necr           N/A          1%          1    None
 Animate Dead             Necr           N/A          9%          4    ####...


Dungeon Overview and Level Annotations

Branches:
Dungeon (4/15)
 Temple: D:4-7

Altars:
Yredelemnul
The Shining One


Innate Abilities, Weirdness & Mutations

You are partially covered in slimy green scales. (AC +2)
You are partially covered in yellow scales. (AC +2)
You can translocate small distances at will.
You do not regenerate when monsters are visible.


Message History

As you read the scroll of teleportation, it crumbles to dust.
You feel strangely unstable. The phantom hits you.
* * * LOW HITPOINT WARNING * * *
The phantom blinks!
Your surroundings suddenly seem different.
Found a scroll of amnesia and a fine robe.
A worker ant comes into view.
The worker ant moves out of view.
Found a glowing short sword.
A bullfrog skeleton comes into view.
The bullfrog skeleton moves out of view.
The worker ant twitches its antennae in your direction.
You see here a fine robe.
m - a fine robe You are near starving!
There is a stone staircase leading up here.
Casting: Regeneration (safe; 10% risk of failure)
Confirm with . or Enter, or press ? or * to list all spells.
Your skin crawls.
The worker ant bites you.
You die...

. ..#..## ...##.#.#...##
..........#.#....##
..................#
##........#....#.......
........###...#.......
####. .......##...#......?
.....####.##.......#..##...
.....#.....@###.......# #.
#.........a###......... .#.
#.........##a####....#
.....
##.........#.........#
......
##.............#......
.....####...#...##....##
....
.....##.#..####.......#
.....#.....####...##..#
.............###.##....


You could see a worker ant.

Vanquished Creatures
  A hound (D:3)
  A worker ant (D:4)
  A hound skeleton (D:4)
  2 adders (D:3)
  4 worms
  5 dart slugs
  3 leopard geckos
  An orc (D:3)
  3 bats
  4 giant cockroaches
  6 goblins
  3 hobgoblins
  7 kobolds
  A quokka (D:3)
  A ball python (D:1)
  5 frilled lizards
  7 rats
55 creatures vanquished.

Notes
Turn   | Place    | Note
-------+----------+-------------------------------------------
     0 | D:1      | JeffiDaFish the Deep Elf Necromancer began the quest for
                  | the Orb.
     0 | D:1      | Reached XP level 1. HP: 10/10 MP: 6/6
   380 | D:1      | Reached skill level 5 in Necromancy
   437 | D:1      | Reached XP level 2. HP: 10/15 MP: 4/8
  1474 | D:2      | Reached XP level 3. HP: 11/19 MP: 7/9
  1483 | D:2      | Learned a level 3 spell: Regeneration
  1646 | D:2      | Learned a level 3 spell: Vampiric Draining
  2735 | D:3      | Reached XP level 4. HP: 19/24 MP: 7/11
  3334 | D:3      | Found a glowing golden altar of the Shining One.
  3336 | D:3      | Noticed an angel
  3391 | D:3      | Reached skill level 6 in Necromancy
  3527 | D:3      | Gained mutation: You can translocate small distances at
                  | will. [potion of mutation]
  3527 | D:3      | Gained mutation: You are partially covered in slimy green
                  | scales. (AC +2) [potion of mutation]
  3527 | D:3      | Gained mutation: You do not regenerate when monsters are
                  | visible. [potion of mutation]
  3527 | D:3      | Gained mutation: You are partially covered in yellow
                  | scales. (AC +2) [potion of mutation]
  3644 | D:3      | Found a basalt altar of Yredelemnul.
  3646 | D:3      | Noticed a profane servitor
  3684 | D:4      | Reached XP level 5. HP: 20/28 MP: 10/13
  3702 | D:4      | Noticed a phantom
  3752 | D:4      | Got a fine robe
  3760 | D:4      | Slain by a worker ant

Vault maps used:
D:1:      minmay_arrival_solitary_statue
D:3:      grunt_temple_overflow_holy_war
D:4:      gammafunk_temple_overflow_wave

Skill      XL: |  1  2  3  4 |
---------------+-------------+-----
Necromancy     | 5 6 |  6.2
Stealth        | 3 |  3.8
Dodging        | 3 |  3.6
Spellcasting   | 4 |  4.2

Action                   |  1- 3 |  4- 6 || total
-------------------------+-------+-------++-------
Melee: Dagger            |    44 |    50 ||    94
 Cast: Pain              |    51 |    20 ||    71
       Vampiric Draining |     3 |     4 ||     7
       Regeneration      |     1 |     4 ||     5
  Use: Scroll            |     5 |     2 ||     7
       Potion            |     3 |     3 ||     6
 Stab: Sleeping          |     8 |     4 ||    12
  Eat: Chunk             |     6 |     2 ||     8
Armor: Robe              |    16 |    17 ||    33
Dodge: Dodged            |    38 |    37 ||    75

Table legend:
 A = Non-vault XP
 B = Vault XP
 C = Vault XP percentage of total XP
 D = Non-vault monster count
 E = Vault monster count
 F = Vault count percentage of total count
                 A         B        C        D         E       F
            +---------+---------+-------+---------+---------+-------
      Total |     231 |       0 |   0.0 |      55 |       0 |   0.0
            +---------+---------+-------+---------+---------+-------
        D:1 |      28 |       0 |   0.0 |      13 |       0 |   0.0
        D:2 |      40 |       0 |   0.0 |      15 |       0 |   0.0
        D:3 |     110 |       0 |   0.0 |      24 |       0 |   0.0
        D:4 |      53 |       0 |   0.0 |       3 |       0 |   0.0
            +---------+---------+-------+---------+---------+-------
